 Dungeon Crawl Stone Soup version 0.31-a0-117-g42d8f58 (webtiles) character file.

Game seed: 17208108277219103778

1937362 Wizard1ke the Djinni Porcupine (level 27, 220/220 HPs)
             Began as a Djinni Fighter on May 30, 2023.
             Was a High Priest of Okawaru.
             Escaped with the Orb
             ... and 4 runes on May 31, 2023!
             The game lasted 05:15:03 (96511 turns).

Wizard1ke the Djinni Porcupine (Djinni Fighter)    Turns: 96511, Time: 05:15:03

Health: 220/220    AC: 43    Str: 37 (38) XL:     27
Gold:   3414       EV:  7    Int: 11      God:    Okawaru [*****.] SH: 23 Dex: 20

rFire   + + +        n - +18 lance "Wyrmbane" {slay drac, rPois rF+ rC+ AC+3}
rCold   + . .        M - +0 tower shield
rNeg    + . .        U - +12 gold dragon scales
rPois   ∞            b - +1 hat "Berofra" {Will+ Regen+ Int+2}
rElec   +            f - +2 cloak
rCorr   .            V - -1 pair of gloves "Behaq" {Regen+ Dex+5 Stlth-}
SInv    .            (boots unavailable)
Will    +++..        F - dreamshard necklace {Acrobat *Dream} Stlth
                     t - +9 ring of strength
HPRegen 2.16/turn    Q - ring of Vaobboiwk {Fly rElec rN+ Dex+3}
MPRegen 0.00/turn

%: acrobat
@: flying, studying Dodging
A: sickness immunity, fire resistance 2, cold vulnerability 1, float, innate
caster, HP casting, extra vitality 1, horns 1, clumsy 1, deterioration 2, dopey
1, screaming 1, strong 1
0: Orb of Zot
}: 4/15 runes: decaying, slimy, silver, gossamer
a: Renounce Religion, Heroism, Finesse, Duel


You escaped.
You worshipped Okawaru.
Okawaru was extremely pleased with you.
You visited 12 branches of the dungeon, and saw 56 of its levels.
You also visited: Sewer.

You collected 9070 gold pieces.
You spent 5656 gold pieces at shops.

Inventory:

Hand Weapons
 n - the +18 lance "Wyrmbane" (weapon) {slay drac, rPois rF+ rC+ AC+3}
   (Okawaru gifted it to you on level 3 of the Realm of Zot)

   AC:        It affects your AC (+3).
   rF:        It protects you from fire.
   rC:        It protects you from cold.
   rPois:     It protects you from poison.
 S - a +8 antimagic demon trident
Missiles
 c - 3 throwing nets
 s - 4 silver boomerangs (quivered)
 v - 24 javelins
 N - 3 silver javelins
 O - 3 curare-tipped darts
Armour
 b - the +1 hat "Berofra" (worn) {Will+ Regen+ Int+2}
   (Okawaru gifted it to you on level 2 of the Depths)

   Int:       It affects your intelligence (+2).
   Regen:     It increases your rate of health regeneration.
   Will:      It increases your willpower.
 f - a +2 cloak (worn)
 J - the scarf of Light {rC+ rF+, SInv}
   (You found it on level 5 of the Realm of Zot)

   SInv:      It lets you see invisible.
 M - a +0 tower shield (worn)
 U - +12 gold dragon scales (worn)
 V - the -1 pair of gloves "Behaq" (worn) {Regen+ Dex+5 Stlth-}
   (Okawaru gifted it to you on level 3 of the Vaults)

   Dex:       It affects your dexterity (+5).
   Regen:     It increases your rate of health regeneration.
   Stlth:     It makes you less stealthy.
Jewellery
 e - the amulet of Jewk {rElec rF+ Regen+}
   (You took it off a deep elf death mage on level 3 of the Crypt)

   [amulet of regeneration]

   rF:        It protects you from fire.
   rElec:     It insulates you from electricity.
   Regen:     It increases your rate of health regeneration.
 i - a ring of see invisible
 t - a +9 ring of strength (left hand)
 B - a ring of protection from cold
 F - the dreamshard necklace (around neck) {Acrobat *Dream}
   (You took it off a deep elf demonologist on level 3 of the Elven Halls)

   [amulet of the acrobat]

   *Dream:    It absorbs a single lethal wound into itself, holding its wearer
   just short of death and releasing dream-creatures to guard them.
   It increases your evasion while moving and waiting.
 I - a ring of willpower
 Q - the ring of Vaobboiwk (right hand) {Fly rElec rN+ Dex+3}
   (You found it on level 3 of the Crypt)

   [ring of positive energy]

   Dex:       It affects your dexterity (+3).
   rElec:     It insulates you from electricity.
   rN:        It protects you from negative energy.
   Fly:       It grants you flight.
 R - the ring "Seafooso" {rN+ rCorr}
   (You bought it in a shop on level 10 of the Dungeon)

   [ring of resist corrosion]

   rN:        It protects you from negative energy.
   rCorr:     It protects you from acid and corrosion.
Wands
 r - a wand of light (13)
 A - a wand of iceblast (71)
 L - a wand of digging (31)
 P - a wand of paralysis (55)
 Y - a wand of mindburst (19)
Scrolls
 a - 6 scrolls of poison
 g - 8 scrolls of fear
 o - 7 scrolls of vulnerability
 p - 2 scrolls of silence {!r}
 q - 6 scrolls of fog
 y - 8 scrolls of teleportation
 H - 5 scrolls of magic mapping
 W - 6 scrolls of immolation
Potions
 d - 9 potions of might
 h - 9 potions of lignification
 j - 7 potions of invisibility
 k - 25 potions of curing
 l - 14 potions of attraction
 u - 11 potions of enlightenment
 x - 6 potions of ambrosia
 z - 4 potions of berserk rage {!q}
 C - a potion of resistance
 D - 6 potions of mutation
 G - 5 potions of brilliance
 T - 7 potions of haste
 Z - 2 potions of cancellation
Miscellaneous
 w - a condenser vane
 X - a lightning rod (4/4)


   Skills:
 + Level 24.9 Fighting
 O Level 27 Polearms
 - Level 5.0 Throwing
 - Level 20.0 Armour
 - Level 20.0 Shields
 - Level 15.0 Invocations
 - Level 8.0 Evocations


You knew the following spells:

 Your Spells              Type           Power      Damage    Failure   Level
a - Apportation           Tloc           0%         N/A       98%         1
b - Searing Ray           Conj           0%         2d4       99%         2
c - Swiftness             Air            0%         N/A       100%        3
d - Hailstorm             Conj/Ice       0%         3d3       100%        3
e - Leda's Liquefaction   Hex/Erth       0%         N/A       100%        4
f - Summon Mana Viper     Hex/Summ       0%         N/A       100%        5
g - Summon Cactus Giant   Summ           0%         N/A       100%        6
h - Orb of Destruction    Conj           0%         9d5       100%        7
i - Eringya's Noxious Bo  Tmut/Pois      0%         N/A       100%        6
j - Storm Form            Tmut/Air       0%         N/A       100%        7
k - Disjunction           Tloc           0%         N/A       100%        8
l - Borgnjor's Revivific  Necr           0%         N/A       100%        8
m - Polar Vortex          Ice            0%         N/A       100%        9
Your spell library was empty.


Dungeon Overview and Level Annotations

Branches:
Dungeon (15/15)            Temple (1/1) D:7            Lair (5/5) D:11
  Swamp (4/4) Lair:2       Spider (4/4) Lair:3        Slime (5/5) Lair:5
    Orc (2/2) D:10            Elf (3/3) Orc:2        Vaults (5/5) D:13
  Crypt (3/3) Vaults:2       Tomb (0/3) Crypt:3      Depths (4/4) D:15
    Zot (5/5) Depths:4      Sewer (visited)

Altars:
Cheibriados
Dithmenos
Elyvilon
Gozag
Nemelex Xobeh
Okawaru
Uskayaw
Xom
Yredelemnul
Zin
The Shining One
Jiyva
Lugonu

Shops:
D:2 *   D:9 *   D:10 *=   D:13 [   D:14 *   D:15 (   Orc:2 !(!:   Elf:3 *
Depths:1 (*   Depths:4 ::=(

Portals:
Hell: Depths:1 Depths:2 Depths:3 Depths:4
Abyss: Spider:4 Depths:3 Depths:4
Pandemonium: Depths:2 Depths:3
Ziggurat: Depths:1
Bazaar: Depths:3
Trove: D:14 (give 4 potions of resistance)

Annotations:
D:8 1 runed translucent door, exclusion: door, PiratePeteNZ's ghost, novice DESu
D:9 3 runed translucent doors, exclusion: 3 doors, bobfrom10's ghost, journeyman DECj
Lair:4 1 runed translucent door, exclusion: door, Wizard1ke's ghost, journeyman DjEn
Swamp:2 Mara
Swamp:3 2 transporters, exclusion: obsidian statue
Elf:1 1 runed translucent door, exclusion: door, Wisesoff's ghost, adept GrBe
Crypt:1 3 runed translucent doors, exclusions: 3 doors and obsidian statue, Haroanab's ghost, veteran FoFi
Crypt:2 2 transporters
Depths:3 exclusion: 2 statues
Zot:3 1 transporter
Zot:5 3 runed translucent doors, exclusion: 3 doors, Radamante's ghost, master MiFi


Innate Abilities, Weirdness & Mutations

You are immune to sickness and miasma.
You are immune to poison.
Your flesh is very heat resistant. (rF++)
You are vulnerable to cold. (rC-)
You float through the air rather than walking.
You learn spells naturally, not from books.
Your magical power is your life essence.
You have superior vitality. (+4 MHP)
You have a pair of small horns on your head.
You are clumsy. (Dex -2)
Your body often deteriorates upon taking damage.
You are dopey. (Int -2)
You occasionally shout uncontrollably at your foes.
Your muscles are strong. (Str +4, Int/Dex -1)


Message History

You kill the hellwing!
Okawaru accepts your kill.
You reach to attack!
You puncture the ice devil!
The ice devil is moderately wounded.
The ice devil completely misses you.
You impale the ice devil!!
You kill the ice devil!
Okawaru accepts your kill.
No target in view!
(D) Dungeon (T) Temple (L) Lair (S) Swamp (N) Spider Nest (M) Slime Pits (O) Orcish Mines (E) Elven Halls (V) Vaults (C) Crypt (W) Tomb (U) Depths (H) Hell (Z) Zot
Where to? (Enter - D:1 @ (x,y), ? - help)
What level of the Dungeon? (default 1, ? - help)
There is an open door here.
There is a stone staircase leading up here.
You fly upwards.
There is a stone staircase leading down here.
You see here a +0 dagger.
You feel like a meek peon again.
There is a stone staircase leading up here.
You fly upwards.
There is a stone staircase leading down here.
There is a shaft here.
A smoke demon comes into view.
There is a stone staircase leading up here.
You fly upwards.
There is a stone staircase leading down here.
(D) Dungeon (T) Temple (L) Lair (S) Swamp (N) Spider Nest (M) Slime Pits (O) Orcish Mines (E) Elven Halls (V) Vaults (C) Crypt (W) Tomb (U) Depths (H) Hell (Z) Zot
Where to? (Enter - D:1 @ (x,y), ? - help)
What level of the Dungeon? (default 1, ? - help)
There is a stone staircase leading up here.
You fly upwards.
There is a stone staircase leading down here.
There is a staircase leading out of the dungeon here.
You have escaped!

# #########.# #.##.###.# #.# #
#.## #.##.# #.# #.## #
###..###.#..###.####..# #
#.............#........ #
#..#.......#..#######.# #
#.###.....###.# #.>.
#..#.......#..# #..#
#.............# #..#
#.)...@#......# #..#
#.....###.....# ####..#
###########......#>.....###.##..#
P..##....................#.......
♣P..#.###.#..#.......#...##.##...
♣♣P...###.#.###.....###.....##.##
P♣♣♣P........#.......#.........#
PP♣♣...##.#..............#####)#
.......##.####.##..#.##### #.#


There were no monsters in sight!

Vanquished Creatures
  the Royal Jelly (Slime:5)
  7 dread liches
  5 ancient liches (Zot:5)
  5 orbs of fire (Zot:5)
  A juggernaut (Depths:4)
  Saint Roka (Depths:4)
  7 Killer Klowns
  Vv (Crypt:3)
  Margery (Vaults:2)
  3 curse toes (Zot:3)
  8 golden dragons
  Nikola (Vaults:3)
  A profane servitor (Crypt:3)
  2 bone dragons
  4 electric golems
  Zenata (Vaults:2)
  2 hellephants (Depths:2)
  27 Orb Guardians
  16 tentacled monstrosities
  Mlioglotl (Spider:1)
  5 titans (Vaults:5)
  5 deep elf blademasters (Elf:3)
  2 liches
  17 acid blobs
  9 quicksilver dragons
  2 Executioners
  4 deep elf master archers (Elf:3)
  6 ancient champions
  9 death cobs
  The ghost of Uthrad the Brawler, an adept TrGl of Hepliaklqana (Depths:4)
  3 sphinxes
  4 tengu reavers
  10 shadow dragons
  2 thorn hunters
  Kirke (Swamp:1)
  Gastronok (D:9)
  6 draconian monks
  8 rockslimes
  9 azure jellies
  2 revenants
  21 storm dragons
  5 draconian knights
  A fenstrider witch (Swamp:3)
  3 fire giants
  2 iron dragons
  25 vault wardens
  Louise (Elf:2)
  3 draconian shifters
  12 frost giants
  5 draconian scorchers
  6 emperor scorpions
  4 ghost moths
  11 ghouls
  3 curse skulls
  A balrug (Depths:3)
  6 deep elf sorcerers
  Aizul (Lair:2)
  3 deep elf elementalists (Elf:3)
  4 angels (Zot:4)
  4 spriggan defenders (Depths:2)
  21 ironbound preservers
  5 draconian stormcallers
  5 orc warlords
  8 quicksilver oozes
  10 green draconians
  A broodmother (Spider:4)
  A war gargoyle (Vaults:4)
  7 formless jellyfish
  5 draconian annihilators
  19 stone giants
  A reaper (Crypt:1)
  7 ironbound thunderhulks
  19 very ugly things
  5 deep elf demonologists (Elf:3)
  Azrael (D:11)
  6 vampire knights
  9 black draconians
  9 red draconians
  3 dire elephants (Vaults:1)
  A bunyip (Swamp:4)
  8 yellow draconians
  3 spark wasps
  11 white draconians
  3 eleionomae
  4 deep elf annihilators
  15 purple draconians
  10 fire dragons
  2 eidola (Crypt:2)
  11 deep elf death magi
  10 ettins
  A merfolk javelineer (Depths:4)
  4 crystal guardians
  Snorg (Lair:4)
  24 jiangshi
  2 shambling mangroves
  5 entropy weavers
  A spriggan zombie (Crypt:3)
  4 deep elf high priests
  6 ice dragons
  15 yaktaur captains
  10 great orbs of eyes
  A fenstrider witch zombie (Crypt:1)
  7 rakshasas
  21 hydras
  A quicksilver dragon skeleton (Crypt:1)
  4 peacekeepers
  8 ogre magi
  4 radroaches
  25 centaur warriors
  30 vault guards
  7 spriggan air magi
  A jorogumo (Spider:3)
  2 ghost crabs (Swamp:4)
  11 two-headed ogres
  5 boulder beetles
  A catoblepas (Lair:5)
  16 dancing weapons
  6 deep troll shamans
  2 fenstrider witch skeletons (Crypt:1)
  6 death knights
  12 ironbound frosthearts
  6 alligators
  5 vampire magi
  7 hell hogs (Depths:2)
  A shock serpent (shapeshifter) (Vaults:5)
  5 death yaks
  An orc high priest (D:10)
  13 tengu warriors
  6 spriggan berserkers
  Nergalle (Lair:1)
  11 deep troll earth magi
  9 deep elf knights
  6 hell knights
  A soul eater (Crypt:2)
  3 sun demons
  26 spriggans
  A titan skeleton (Crypt:1)
  A storm dragon zombie (Crypt:2)
  Amaemon (D:8)
  2 skysharks (Lair:5)
  40 skeletal warriors
  3 pharaoh ants
  6 shadow wraiths
  Lodul (D:13)
  A fire crab (shapeshifter) (D:13)
  7 iron trolls
  6 glowing orange brains
  A cherub (D:12)
  A sea snake (shapeshifter) (Vaults:5)
  6 spriggan druids
  3 goliath frogs
  A sun moth (Spider:3)
  54 deep trolls
  2 flayed ghosts (Crypt:3)
  6 orb spiders
  11 bog bodies
  3 deep elf archers
  A swamp dragon (shapeshifter) (Vaults:5)
  11 phantasmal warriors
  A steelbarb worm (Spider:4)
  25 ironbound convokers
  11 lindwurms
  3 bunyip skeletons
  8 wizards
  13 swamp dragons
  29 deep elf zephyrmancers
  16 orc knights
  27 deep elf pyromancers
  A harpy (Vaults:1)
  9 necromancers
  6 cyclopes
  An oklob plant (Swamp:3)
  A shining eye (shapeshifter) (Depths:1)
  9 orc sorcerers
  16 wolf spiders
  22 moths of wrath
  38 ugly things
  A mana viper (shapeshifter) (Vaults:5)
  A shadow dragon skeleton (Vaults:5)
  4 will-o-the-wisps
  3 manticores
  2 stone giant skeletons
  A tengu skeleton (Depths:2)
  3 shining eyes
  A salamander (shapeshifter) (Vaults:5)
  An elephant (shapeshifter) (Elf:1)
  12 elephants
  An orange demon (D:8)
  8 black mambas
  A rust devil (D:7)
  A human skeleton (Vaults:5)
  16 vault sentinels
  3 gargoyles
  5 demonic crawlers
  12 cane toads
  6 komodo dragons
  5 rime drakes
  An unseen horror (D:13)
  2 kobold demonologists (D:11)
  An unseen horror (shapeshifter) (Vaults:5)
  4 freezing wraiths
  5 tengu conjurers
  An ice devil (D:5)
  31 yaktaurs
  A hellwing (D:5)
  3 guardian mummies
  A red devil (D:7)
  9 meliai
  5 polar bears
  A spectral harpy (Crypt:3)
  9 trolls
  A minotaur skeleton (Crypt:1)
  27 hornets
  2 large abominations (Crypt:3)
  2 wind drakes (shapeshifter)
  10 tyrant leeches
  A hydra skeleton (Crypt:2)
  A sphinx simulacrum (Depths:2)
  27 tarantellas
  Prince Ribbit (D:8)
  8 blink frogs
  10 dream sheep
  A boulder beetle zombie (Crypt:2)
  A fire dragon zombie (Crypt:2)
  2 small abominations (Crypt:3)
  55 flying skulls
  A centaur simulacrum (D:14)
  84 slime creatures
  A jumping spider (shapeshifter) (Elf:1)
  19 culicivoras
  10 jumping spiders
  A ynoxinul (Depths:3)
  5 hogs (Swamp:1)
  2 vampires (D:12)
  A culicivora (shapeshifter) (Vaults:5)
  5 shadows
  54 yaks
  Eustachio (D:3)
  3 water elementals
  A wyvern (Lair:4)
  17 humans
  3 basilisks
  5 fire elementals
  A yak (shapeshifter) (Vaults:5)
  11 wraiths
  2 chaos spawn
  A steam dragon (D:7)
  3 golden eyes
  46 redbacks
  11 vampire mosquitoes
  A glowing shapeshifter zombie (Depths:2)
  2 nagas (D:14)
  5 wargs
  17 swamp worms
  A faun zombie (Crypt:1)
  2 acid dragons
  A cane toad zombie (Crypt:2)
  A skyshark zombie (Crypt:1)
  13 water moccasins
  5 hell hounds
  A swamp worm (shapeshifter) (Depths:2)
  20 orc warriors
  2 sky beasts (D:7)
  3 black bears
  14 ogres
  8 swamp drakes
  2 ice beasts
  16 wolves
  5 boggarts (Vaults:1)
  3 human zombies
  The ghost of Taxman66 the Magician, an amateur DjFE (D:3)
  An elephant skeleton (Crypt:1)
  16 centaurs
  5 phantoms
  5 kobold brigands
  2 vine stalker zombies (Crypt:1)
  8 necrophages
  13 bullfrogs
  4 earth elementals
  A wyvern zombie (D:6)
  2 gnoll sergeants
  4 scorpions
  A wyvern skeleton (Crypt:1)
  A troll zombie (Swamp:2)
  11 killer bees
  2 spriggan skeletons
  2 troll skeletons (Swamp:2)
  A wolf zombie (Crypt:2)
  2 electric eels
  4 howler monkeys
  A bullfrog zombie (D:6)
  2 centaur zombies
  3 gnoll boudas
  13 orc priests
  7 hounds
  4 jellies
  30 orc wizards
  2 centaur skeletons (D:6)
  A sleepcap (D:8)
  An iguana (D:6)
  4 hell rats (Lair:3)
  A killer bee zombie (D:6)
  A howler monkey zombie (D:6)
  8 mummies
  19 gnolls
  12 adders
  2 river rats (Sewer)
  4 shadow imps
  2 white imps
  An ufetubus (D:5)
  4 worms
  A dart slug (D:2)
  63 orcs
  9 endoplasms
  An endoplasm (shapeshifter) (Vaults:5)
  3 giant cockroaches
  8 goblins
  7 hobgoblins
  3 jackals (D:2)
  30 kobolds
  8 quokkas
  12 ball pythons
  3 bats
  A dart slug zombie (Crypt:2)
  2 frilled lizards
  A gnoll skeleton (Crypt:2)
  An orc zombie (Crypt:2)
  15 rats
  2 river rat skeletons (Crypt:2)
  A spectral weapon (Zot:4)
2390 creatures vanquished.

Vanquished Creatures (collateral kills)
  A gnoll (D:6)
1 creature vanquished.

Vanquished Creatures (others)
  A lich (Depths:2)
  A tengu reaver (Depths:3)
  A draconian knight (Zot:2)
  A ghost moth (Spider:4)
  A deep elf high priest (Vaults:5)
  A two-headed ogre (Vaults:5)
  A glowing orange brain (Depths:3)
  A spark wasp zombie (Depths:2)
  A wizard (Vaults:4)
  An ironbound convoker (Vaults:3)
  2 deep elf zephyrmancers (Elf:1)
  2 bloated husks
  A flying skull (Crypt:3)
  2 water elementals
  A swamp drake (Swamp:4)
  38 foxfires
  A lurking horror (Spider:4)
57 creatures vanquished.

Grand Total: 2448 creatures vanquished

Notes
Turn   | Place    | Note
-------+----------+-------------------------------------------
     0 | D:1      | Wizard1ke the Djinni Fighter began the quest for the Orb.
     0 | D:1      | Reached XP level 1. HP: 20/20 MP: 0/0
   173 | D:1      | Reached XP level 2. HP: 25/25 MP: 0/0
   365 | D:1      | Reached skill level 2 in Polearms
   451 | D:1      | Reached XP level 3. HP: 28/30 MP: 0/0
   451 | D:1      | Learned a level 1 spell: Apportation
   945 | D:2      | Found Vivui's General Store.
  1207 | D:2      | Reached XP level 4. HP: 35/35 MP: 0/0
  1791 | D:2      | Reached XP level 5. HP: 35/40 MP: 0/0
  1791 | D:2      | Learned a level 2 spell: Searing Ray
  1927 | D:3      | Reached skill level 3 in Polearms
  2083 | D:3      | Identified the +2 dagger of Saolozaq {freeze, rN+ Will+}
  2138 | D:3      | Found a runed translucent door.
  2231 | D:3      | Noticed Taxman66's ghost (amateur DjFE)
  2260 | D:3      | Killed Taxman66's ghost
  2261 | D:3      | Reached XP level 6. HP: 47/47 MP: 0/0
  2448 | D:4      | Noticed Eustachio
  2526 | D:3      | Killed Eustachio
  2527 | D:3      | Reached XP level 7. HP: 34/52 MP: 0/0
  2527 | D:3      | Learned a level 3 spell: Swiftness
  2727 | D:4      | Found a glowing drain.
  2747 | Sewer    | Entered a sewer
  2797 | Sewer    | Reached skill level 4 in Polearms
  3276 | D:4      | Reached XP level 8. HP: 58/58 MP: 0/0
  3486 | D:5      | Entered Level 5 of the Dungeon
  3797 | D:5      | Found a hide-covered altar of Uskayaw.
  4262 | D:5      | Reached skill level 5 in Fighting
  4262 | D:5      | Reached skill level 5 in Polearms
  4262 | D:5      | Reached skill level 5 in Armour
  4262 | D:5      | Reached skill level 5 in Shields
  4300 | D:5      | Found a snail-covered altar of Cheibriados.
  4748 | D:6      | Reached XP level 9. HP: 61/65 MP: 0/0
  4748 | D:6      | Learned a level 3 spell: Hailstorm
  4763 | D:6      | Found a glowing golden altar of the Shining One.
  5000 | D:6      | Reached skill level 6 in Polearms
  5164 | D:6      | Found an iron altar of Okawaru.
  5173 | D:6      | Became a worshipper of Warmaster Okawaru
  5598 | D:6      | Found a sparkling altar of Nemelex Xobeh.
  6060 | D:7      | Reached skill level 1 in Invocations
  6205 | D:7      | Reached * piety under Okawaru
  6648 | D:7      | Reached XP level 10. HP: 45/73 MP: 0/0
  6654 | D:7      | Reached skill level 7 in Polearms
  6824 | D:7      | Noticed a gargoyle
  6848 | D:7      | Killed a gargoyle
  7033 | D:7      | Reached ** piety under Okawaru
  7363 | D:7      | Found a staircase to the Ecumenical Temple.
  7369 | Temple   | Entered the Ecumenical Temple
  7401 | D:7      | Found a basalt altar of Yredelemnul.
  7484 | D:7      | Found a white marble altar of Elyvilon.
  7932 | D:8      | Noticed Prince Ribbit
  7964 | D:8      | Killed Prince Ribbit
  8336 | D:8      | Identified the +3 mace of Awkwardness {speed, rF+ Will+}
  8438 | D:8      | Found a runed translucent door.
  8442 | D:8      | Noticed PiratePeteNZ's ghost (novice DESu)
  8507 | D:8      | Reached skill level 8 in Polearms
  8582 | D:8      | Noticed a two-headed ogre
  9136 | D:9      | Found a glowing silver altar of Zin.
  9175 | D:9      | Found a runed translucent gate.
  9175 | D:9      | Found a runed translucent gate.
  9175 | D:9      | Found a runed translucent gate.
  9178 | D:9      | Noticed bobfrom10's ghost (journeyman DECj)
  9181 | D:9      | Found a viscous altar of Jiyva.
  9277 | D:9      | Noticed Amaemon
  9277 | D:9      | Noticed an orange demon
  9329 | D:8      | Killed an orange demon
  9383 | D:8      | Reached XP level 11. HP: 44/79 MP: 0/0
  9383 | D:8      | Learned a level 4 spell: Leda's Liquefaction
  9527 | D:9      | Found Domaqaq's General Store.
  9531 | D:9      | Bought a wand of paralysis (3) for 86 gold pieces
  9531 | D:9      | Bought a wand of mindburst (9) for 151 gold pieces
  9531 | D:9      | Bought a scroll of vulnerability for 48 gold pieces
  9534 | D:9      | Noticed Gastronok
  9579 | D:9      | Killed Gastronok
  9579 | D:9      | Reached *** piety under Okawaru
 10001 | D:8      | Killed Amaemon
 10002 | D:8      | Reached skill level 9 in Polearms
 10266 | D:9      | Reached **** piety under Okawaru
 10346 | D:10     | Entered Level 10 of the Dungeon
 10361 | D:10     | Found a staircase to the Orcish Mines.
 10529 | D:10     | Found a shadowy altar of Dithmenos.
 10539 | D:10     | Found Yblityw's Lightly-Used Armoury.
 10565 | D:10     | Bought a -2 demon trident for 70 gold pieces
 10727 | D:10     | Noticed a two-headed ogre
 10744 | D:10     | Killed a two-headed ogre
 10753 | D:10     | Found Fevvanaw's One-of-a-Kind Rings.
 10930 | D:10     | Identified the +10 falchion of Amorality {antimagic, Drain
                  | rF+++ Int+3}
 11737 | D:11     | Noticed a death yak
 11737 | D:11     | Noticed a death yak
 11739 | D:11     | Noticed a death yak
 11956 | D:11     | Found a staircase to the Lair.
 11961 | D:11     | Noticed a death yak
 11990 | D:11     | Noticed a cyclops
 11998 | D:11     | Noticed a centaur warrior
 12008 | D:11     | Killed a cyclops
 12009 | D:11     | Reached XP level 12. HP: 15/88 MP: 0/0
 12364 | D:11     | Killed a centaur warrior
 12365 | D:11     | Reached skill level 10 in Polearms
 12365 | D:11     | Reached skill level 1 in Evocations
 12712 | D:10     | Killed a death yak
 12795 | D:11     | Noticed a death yak
 12888 | D:10     | Killed a death yak
 12888 | D:10     | Reached ***** piety under Okawaru
 13085 | D:9      | Killed a death yak
 13215 | D:10     | Killed a death yak
 13382 | D:10     | Killed a death yak
 13682 | D:11     | Noticed a two-headed ogre
 13692 | D:11     | Killed a two-headed ogre
 13823 | D:11     | Reached skill level 11 in Polearms
 14042 | D:11     | Noticed an ogre mage
 14044 | D:11     | Noticed a death knight
 14057 | D:11     | Killed an ogre mage
 14090 | D:11     | Killed a death knight
 14091 | D:11     | Reached skill level 5 in Invocations
 14256 | D:11     | Noticed a frost giant
 14256 | D:11     | Noticed a stone giant
 14342 | Lair:1   | Entered Level 1 of the Lair of Beasts
 14643 | Lair:1   | Noticed Nergalle
 14691 | Lair:1   | Killed Nergalle
 14692 | Lair:1   | Reached XP level 13. HP: 55/94 MP: 0/0
 14692 | Lair:1   | Learned a level 5 spell: Summon Mana Viper
 14938 | Lair:1   | Reached skill level 5 in Evocations
 15545 | Lair:2   | Reached skill level 12 in Polearms
 15710 | Lair:2   | Found a staircase to the Swamp.
 16301 | Lair:2   | Reached skill level 13 in Polearms
 17342 | Lair:3   | Found a hole to the Spider Nest.
 17366 | Lair:3   | Identified the +0 helmet of Temperance {Dex+2} (Okawaru
                  | gifted it to you on level 3 of the Lair of Beasts)
 17366 | Lair:3   | Received a gift from Okawaru
 18330 | Lair:4   | Found a runed translucent door.
 18331 | Lair:4   | Noticed Wizard1ke's ghost (journeyman DjEn)
 18508 | Lair:4   | Reached skill level 14 in Polearms
 18612 | Lair:4   | Noticed Snorg
 18691 | Lair:4   | Killed Snorg
 19115 | Lair:4   | Reached XP level 14. HP: 96/101 MP: 0/0
 19680 | Lair:5   | Entered Level 5 of the Lair of Beasts
 19680 | Lair:5   | Found a viscous altar of Jiyva.
 19680 | Lair:5   | Found a staircase to the Slime Pits.
 19780 | Lair:5   | Reached skill level 10 in Fighting
 22528 | Lair:5   | Received a gift from Okawaru
 22983 | D:12     | Received a gift from Okawaru
 22986 | D:12     | Noticed Azrael
 23020 | D:11     | Reached XP level 15. HP: 89/112 MP: 0/0
 23020 | D:11     | Learned a level 6 spell: Summon Cactus Giant
 23104 | D:11     | Killed Azrael
 23480 | D:12     | Reached skill level 10 in Invocations
 24264 | D:13     | Found Qokkokh's Armour Emporium.
 25213 | D:12     | Received a gift from Okawaru
 25251 | D:13     | Noticed Lodul
 25315 | Orc:1    | Entered Level 1 of the Orcish Mines
 25629 | D:10     | Reached skill level 1 in Throwing
 25898 | Orc:2    | Entered Level 2 of the Orcish Mines
 26248 | Orc:2    | Found a staircase to the Elven Halls.
 26971 | Orc:2    | Found Zurestis's Distillery.
 27400 | Orc:2    | Paralysed by an ogre mage for 2 turns
 27422 | Orc:2    | Found Gynapp's Distillery.
 27502 | Orc:2    | Found Orpheulau's Book Shoppe.
 27510 | Orc:2    | Found Tuokloi's Antique Weapon Shoppe.
 27696 | D:13     | Found a gate to the Vaults.
 28536 | D:13     | Received a gift from Okawaru
 28819 | D:13     | Reached skill level 10 in Armour
 29047 | D:14     | Received a gift from Okawaru
 29068 | D:14     | Reached skill level 5 in Throwing
 29247 | D:13     | Bought +0 gold dragon scales for 1360 gold pieces
 29545 | D:13     | Reached XP level 16. HP: 118/118 MP: 0/0
 29782 | D:13     | Killed Lodul
 30053 | Orc:2    | Bought 2 potions of heal wounds for 140 gold pieces
 30053 | Orc:2    | Bought a potion of lignification for 42 gold pieces
 30053 | Orc:2    | Bought a potion of enlightenment for 70 gold pieces
 30053 | Orc:2    | Bought a potion of heal wounds for 70 gold pieces
 30237 | D:14     | Identified a scroll of acquirement
 30923 | D:14     | Found Godephan's Serpentskin Sales.
 31269 | D:14     | Found a portal to a secret trove of treasure.
 31386 | D:15     | Entered Level 15 of the Dungeon
 31401 | D:15     | Found Xalaghat's Antique Weapon Emporium.
 31771 | D:15     | Reached skill level 10 in Shields
 31990 | D:15     | Found a snail-covered altar of Cheibriados.
 32122 | D:15     | Found a staircase to the Depths.
 33346 | D:15     | Acquired 614 gold pieces
 33488 | Swamp:1  | Entered Level 1 of the Swamp
 33716 | Swamp:1  | Identified the +0 ring mail of Inquiry {rElec Int+5}
 33717 | Swamp:1  | Noticed Aizul
 33760 | Lair:2   | Killed Aizul
 33925 | Swamp:1  | Received a gift from Okawaru
 34672 | Swamp:1  | Noticed Kirke
 34725 | Swamp:1  | Killed Kirke
 35312 | Swamp:2  | Reached XP level 17. HP: 84/123 MP: 0/0
 35312 | Swamp:2  | Learned a level 7 spell: Orb of Destruction
 36323 | Swamp:2  | Received a gift from Okawaru
 36669 | Swamp:3  | Noticed a thorn hunter
 37227 | Swamp:2  | Killed a thorn hunter
 38269 | Swamp:3  | Found a transporter.
 38270 | Swamp:3  | Noticed a tentacled monstrosity
 38335 | Swamp:3  | Noticed a tentacled monstrosity
 38540 | Swamp:3  | Reached skill level 15 in Armour
 38696 | Swamp:3  | Found a transporter.
 38698 | Swamp:3  | Identified the amulet of the Furies {Acrobat Drain rF+++
                  | Str+7 Int-3}
 39131 | Swamp:4  | Entered Level 4 of the Swamp
 39630 | Swamp:4  | Noticed Mara
 39641 | Swamp:4  | Noticed Wizard1ke's illusion
 39894 | Swamp:4  | Noticed Wizard1ke's illusion
 39910 | Swamp:3  | Noticed Wizard1ke's illusion
 40033 | Swamp:3  | Noticed Wizard1ke's illusion
 40262 | Swamp:3  | Noticed Wizard1ke's illusion
 40402 | Swamp:4  | Noticed Wizard1ke's illusion
 40599 | Swamp:3  | Noticed Wizard1ke's illusion
 41108 | Swamp:4  | Noticed a thorn hunter
 41324 | Swamp:4  | Reached skill level 15 in Fighting
 42008 | Swamp:4  | Reached XP level 18. HP: 100/138 MP: 0/0
 42757 | Swamp:4  | Received a gift from Okawaru
 43007 | Swamp:4  | Got a decaying rune of Zot
 43172 | Spider:1 | Entered Level 1 of the Spider Nest
 43320 | Spider:1 | You are sucked into a shaft and drop 1 floor!
 43398 | Spider:1 | Identified the +4 barding of the Elven Halls {rElec}
 44802 | Spider:2 | Noticed Mlioglotl
 44835 | Spider:1 | Killed Mlioglotl
 46792 | Spider:3 | Received a gift from Okawaru
 47336 | Spider:4 | Entered Level 4 of the Spider Nest
 48377 | Spider:4 | Identified the amulet "Todat" {Faith Str+4}
 48530 | Vaults:1 | Entered Level 1 of the Vaults
 48934 | Orc:2    | Bought a manual of Shields for 960 gold pieces
 49221 | D:2      | Bought a scroll of enchant armour for 90 gold pieces
 49221 | D:2      | Bought a potion of ambrosia for 96 gold pieces
 49506 | Orc:2    | Bought a potion of invisibility for 128 gold pieces
 49506 | Orc:2    | Bought a potion of mutation for 128 gold pieces
 49506 | Orc:2    | Bought a potion of lignification for 48 gold pieces
 49506 | Orc:2    | Bought a potion of enlightenment for 80 gold pieces
 49506 | Orc:2    | Bought a potion of lignification for 48 gold pieces
 50245 | D:11     | Reached XP level 19. HP: 58/145 MP: 0/0
 50245 | D:11     | Learned a level 6 spell: Eringya's Noxious Bog
 50494 | Vaults:1 | Reached skill level 15 in Polearms
 50834 | Vaults:1 | Received a gift from Okawaru
 52932 | Vaults:1 | Received a gift from Okawaru
 54099 | Vaults:1 | Reached skill level 15 in Shields
 55313 | Spider:4 | Found a corrupted altar of Lugonu.
 55316 | Spider:4 | Found a one-way gate to the infinite horrors of the Abyss.
 56300 | Spider:3 | Reached XP level 20. HP: 131/153 MP: 0/0
 57803 | Spider:4 | Got a gossamer rune of Zot
 58541 | Vaults:2 | Noticed Zenata
 58577 | Vaults:2 | Killed Zenata
 59596 | Vaults:2 | Received a gift from Okawaru
 59727 | Vaults:2 | Found a staircase to the Crypt.
 59727 | Vaults:2 | Found a basalt altar of Yredelemnul.
 60181 | Vaults:2 | Received a gift from Okawaru
 61185 | Vaults:3 | Identified the -1 pair of gloves "Behaq" {Regen+ Dex+5
                  | Stlth-} (Okawaru gifted it to you on level 3 of the Vaults)
 61185 | Vaults:3 | Received a gift from Okawaru
 61887 | Vaults:3 | Reached XP level 21. HP: 161/161 MP: 0/0
 61887 | Vaults:3 | Learned a level 7 spell: Storm Form
 61954 | Vaults:3 | Noticed Nikola
 61978 | Vaults:3 | Killed Nikola
 62128 | Vaults:3 | Noticed Margery
 62297 | Vaults:2 | Reached skill level 16 in Polearms
 62354 | Vaults:2 | Killed Margery
 63632 | Vaults:4 | Received a gift from Okawaru
 64662 | Vaults:4 | Received a gift from Okawaru
 65060 | Vaults:4 | Identified the +3 spear of Impermanence {venom, rElec}
                  | (Okawaru gifted it to you on level 4 of the Vaults)
 65060 | Vaults:4 | Received a gift from Okawaru
 65382 | Vaults:4 | Reached XP level 22. HP: 124/170 MP: 0/0
 65802 | Elf:1    | Entered Level 1 of the Elven Halls
 66716 | Elf:1    | Found a runed translucent door.
 66720 | Elf:1    | Noticed Wisesoff's ghost (adept GrBe)
 67200 | Elf:2    | Received a gift from Okawaru
 67875 | Elf:2    | Found a runed translucent gate.
 67876 | Elf:2    | Found a runed translucent gate.
 67876 | Elf:2    | Found a runed translucent gate.
 67881 | Elf:2    | Noticed Louise
 67951 | Elf:2    | Killed Louise
 68422 | Elf:3    | Entered Level 3 of the Elven Halls
 68736 | Elf:3    | Received a gift from Okawaru
 68969 | Elf:3    | Identified the +4 glaive "Romeiwe" {elec, Drain Will+ rCorr
                  | Int+4}
 68980 | Elf:3    | Received a gift from Okawaru
 69057 | Elf:3    | Found Joetu's Assorted Antiques.
 69065 | Elf:3    | Bought a scroll of teleportation for 69 gold pieces
 69065 | Elf:3    | Bought 3 scrolls of immolation for 276 gold pieces
 69477 | Elf:3    | Identified the amulet of Udibam {Spirit Str+4}
 69583 | Elf:3    | Identified the +3 great mace of Vaatz {drain, rPois Str-5
                  | Dex+3}
 69583 | Elf:3    | Identified the amulet of Jirch {RegenMP +Blink Fly rC-
                  | Dex+3}
 69605 | Elf:3    | Reached ****** piety under Okawaru
 69605 | Elf:3    | Identified the +4 quarterstaff of Hatred {venom, rElec
                  | Int-2 Dex+4} (Okawaru gifted it to you on level 3 of the
                  | Elven Halls)
 69605 | Elf:3    | Received a gift from Okawaru
 69636 | Elf:3    | Identified the amulet of Fuhigael {Fly Regen+ Slay+6}
 69660 | Elf:3    | Reached XP level 23. HP: 105/176 MP: 0/0
 69660 | Elf:3    | Learned a level 8 spell: Disjunction
 69781 | Elf:3    | Identified the +3 trident "Wizard1ke's Death" {speed, rC+}
 69781 | Elf:3    | Identified the amulet of Fiycod {RegenMP rElec Int+2}
 69795 | Elf:3    | Identified the +2 trident of Terror {freeze, Will+ Int+3}
 69858 | Elf:3    | Identified the staff of fire "Powiefol" {rPois rF+ Int+4
                  | Dex-3}
 69865 | Elf:3    | Identified the staff of fire "Vyreso" {rF+ MP+9 Str+3
                  | Dex+2}
 69866 | Elf:3    | Identified the staff of poison "Emaku" {rPois rC- Will++
                  | Str+3 Dex+3}
 69897 | Elf:3    | Identified the staff of poison "Sythrueno" {rPois Stlth+}
 70303 | Depths:1 | Entered Level 1 of the Depths
 70424 | Depths:1 | Found a gateway to Hell.
 70443 | Depths:1 | Found a one-way gateway to a ziggurat.
 70552 | Depths:1 | Found Lucarr's Assorted Antiques.
 70557 | Depths:1 | Found Oryuj's Antique Weapon Emporium.
 70595 | Depths:1 | Bought a potion of heal wounds for 105 gold pieces
 70595 | Depths:1 | Bought a scroll of teleportation for 63 gold pieces
 70648 | Depths:1 | Found an opulent altar of Gozag.
 71276 | Depths:1 | Identified the +0 leather armour of Capp {rF+ rN+ Dex-4}
 71765 | Depths:2 | Identified the +1 hat "Berofra" {Will+ Regen+ Int+2}
                  | (Okawaru gifted it to you on level 2 of the Depths)
 71765 | Depths:2 | Received a gift from Okawaru
 71902 | D:10     | Bought a +9 ring of strength for 1092 gold pieces
 73414 | Depths:2 | Found a one-way gate leading to the halls of Pandemonium.
 73649 | Depths:2 | Reached XP level 24. HP: 187/187 MP: 0/0
 73882 | Depths:3 | Reached skill level 17 in Polearms
 74220 | Depths:3 | Received a gift from Okawaru
 74356 | Depths:3 | Found a gateway to a bazaar.
 74594 | Depths:3 | Received a gift from Okawaru
 75178 | Depths:4 | Entered Level 4 of the Depths
 75346 | Depths:4 | Found Yhugulim's Jewellery Boutique.
 75346 | Depths:4 | Found Feox's Book Emporium.
 75394 | Depths:4 | Found Qeecy's Book Emporium.
 75580 | Depths:4 | Noticed Saint Roka
 75606 | Depths:4 | Killed Saint Roka
 75724 | Depths:4 | Found Myidghi's Antique Weapon Boutique.
 75741 | Depths:4 | Noticed a juggernaut
 75753 | Depths:4 | Killed a juggernaut
 75795 | Depths:4 | Found a runed translucent door.
 75795 | Depths:4 | Noticed Uthrad's ghost (adept TrGl)
 75812 | Depths:4 | Killed Uthrad's ghost
 75909 | Depths:4 | Received a gift from Okawaru
 76068 | Depths:4 | Found a gate to the Realm of Zot.
 76942 | Vaults:5 | Entered Level 5 of the Vaults
 77045 | Vaults:5 | Identified the scarf of Freedom {harm, Str+4} (Okawaru
                  | gifted it to you on level 5 of the Vaults)
 77045 | Vaults:5 | Received a gift from Okawaru
 77117 | Vaults:5 | Reached skill level 18 in Polearms
 77253 | Vaults:5 | Noticed a dread lich
 77274 | Vaults:5 | Killed a dread lich
 77293 | Vaults:5 | Reached XP level 25. HP: 167/194 MP: 0/0
 77293 | Vaults:5 | Learned a level 8 spell: Borgnjor's Revivification
 77344 | Vaults:5 | Identified the +5 hand axe of the Snake Pit {freeze, +Blink
                  | rF+ Will+}
 77385 | Vaults:5 | Noticed a dread lich
 77444 | Vaults:5 | Killed a dread lich
 77759 | Vaults:5 | Reached skill level 15 in Invocations
 77890 | Vaults:5 | Noticed a dread lich
 77935 | Vaults:5 | Killed a dread lich
 77935 | Vaults:5 | Received a gift from Okawaru
 78228 | Vaults:5 | Reached skill level 19 in Polearms
 78424 | Vaults:5 | Identified the +5 great sword of Dishonesty {speed, rPois
                  | rC+}
 78552 | Vaults:5 | Identified the scarf of Vlad {harm, Dex+5} (Okawaru gifted
                  | it to you on level 5 of the Vaults)
 78552 | Vaults:5 | Received a gift from Okawaru
 78949 | Vaults:5 | Reached XP level 26. HP: 209/209 MP: 0/0
 79412 | Vaults:5 | Got a silver rune of Zot
 79461 | Vaults:5 | Identified the +5 executioner's axe of Magnificence {spect,
                  | rF+ Will+}
 79462 | Vaults:5 | Identified the +3 falchion of Pon Cakk {vamp, rN+ Will+
                  | SInv}
 79463 | Vaults:5 | Identified the staff of conjuration "Vuorr" {rPois Dex+3}
 79531 | Vaults:5 | Identified the +11 war axe of the Slashing Gods {freeze,
                  | Will+ Int+3 SInv}
 79533 | Vaults:5 | Identified the staff of fire "Oniudex" {Contam rF+ Str+2
                  | Dex+4 SInv}
 79750 | D:10     | Bought the ring "Seafooso" {rN+ rCorr} for 436 gold pieces
 79869 | Slime:1  | Entered Level 1 of the Pits of Slime
 79951 | Slime:5  | Entered Level 5 of the Pits of Slime
 80189 | Slime:5  | Found a viscous altar of Jiyva.
 80189 | Slime:5  | Noticed the Royal Jelly
 80241 | Slime:4  | Gained mutation: You are weak. (Str -2) [a shining eye]
 80244 | Slime:4  | Gained mutation: You occasionally shout uncontrollably at
                  | your foes. [a shining eye]
 80247 | Arena    | Entered the Arena
 81167 | Zot:1    | Entered Level 1 of the Realm of Zot
 81975 | Zot:1    | Reached skill level 20 in Polearms
 82503 | Crypt:1  | Entered Level 1 of the Crypt
 83588 | Vaults:2 | Received a gift from Okawaru
 83826 | Crypt:1  | Found a basalt altar of Yredelemnul.
 83896 | Crypt:1  | Found a runed translucent gate.
 83896 | Crypt:1  | Found an opulent altar of Gozag.
 83898 | Crypt:1  | Found a runed translucent gate.
 83898 | Crypt:1  | Found a runed translucent gate.
 83899 | Crypt:1  | Noticed Haroanab's ghost (veteran FoFi)
 84794 | Crypt:2  | Reached skill level 21 in Polearms
 84842 | Crypt:2  | Reached XP level 27. HP: 207/218 MP: 0/0
 84842 | Crypt:2  | Learned a level 9 spell: Polar Vortex
 84843 | Crypt:2  | Received a gift from Okawaru
 85190 | Crypt:2  | Found a transporter.
 85837 | Crypt:2  | Found a transporter.
 85946 | Crypt:3  | Entered Level 3 of the Crypt
 86585 | Crypt:3  | Reached skill level 22 in Polearms
 86726 | Crypt:3  | Noticed Vv
 86953 | Crypt:3  | Killed Vv
 86992 | Crypt:3  | Found the +7 great mace "Undeadhunter" {deathbane, rN+}
 87123 | Crypt:3  | Identified the amulet of Jewk {rElec rF+ Regen+}
 87159 | Crypt:3  | Identified the ring "Muojecud" {rC- rN+ Int+2 SInv}
 87159 | Crypt:3  | Identified the ring of Vaobboiwk {Fly rElec rN+ Dex+3}
 87212 | Crypt:3  | Found a staircase to the Tomb.
 87411 | Crypt:3  | Identified the ring of Zetieb {rPois rF+ Dex+4}
 88585 | Slime:5  | Found the +10 zealot's sword {holy, Zealotry, *Rage rN+
                  | EV+3}
 88625 | Slime:5  | Gained mutation: Armour fits poorly on your strangely
                  | shaped body. [a shining eye]
 88642 | Slime:5  | Lost mutation: Armour fits poorly on your strangely shaped
                  | body. [potion of mutation]
 88642 | Slime:5  | Lost mutation: You occasionally shout uncontrollably at
                  | your foes. [potion of mutation]
 88642 | Slime:5  | Gained mutation: You are frail. (-10% HP) [potion of
                  | mutation]
 88642 | Slime:5  | Gained mutation: You are partially covered in iridescent
                  | scales. (AC +2) [potion of mutation]
 88643 | Slime:5  | Lost mutation: You are partially covered in iridescent
                  | scales. (AC +2) [potion of mutation]
 88643 | Slime:5  | Lost mutation: You are weak. (Str -2) [potion of mutation]
 88643 | Slime:5  | Gained mutation: Your spells are a little harder to cast,
                  | but a little more powerful. [potion of mutation]
 88643 | Slime:5  | Gained mutation: You are dopey. (Int -2) [potion of
                  | mutation]
 88643 | Slime:5  | Gained mutation: You are partially covered in iridescent
                  | scales. (AC +2) [potion of mutation]
 88644 | Slime:5  | Lost mutation: You are frail. (-10% HP) [potion of
                  | mutation]
 88644 | Slime:5  | Lost mutation: Your spells are a little harder to cast, but
                  | a little more powerful. [potion of mutation]
 88644 | Slime:5  | Lost mutation: You are partially covered in iridescent
                  | scales. (AC +2) [potion of mutation]
 88644 | Slime:5  | Gained mutation: You have supernaturally acute eyesight.
                  | (SInv) [potion of mutation]
 88644 | Slime:5  | Gained mutation: Armour fits poorly on your strangely
                  | shaped body. [potion of mutation]
 88644 | Slime:5  | Gained mutation: You are agile. (Dex +4, Str/Int -1)
                  | [potion of mutation]
 88644 | Slime:5  | Gained mutation: You passively map a small area around you.
                  | [potion of mutation]
 88645 | Slime:5  | Lost mutation: You have supernaturally acute eyesight.
                  | (SInv) [potion of mutation]
 88645 | Slime:5  | Lost mutation: Armour fits poorly on your strangely shaped
                  | body. [potion of mutation]
 88645 | Slime:5  | Lost mutation: You passively map a small area around you.
                  | [potion of mutation]
 88645 | Slime:5  | Gained mutation: You are partially covered in large bone
                  | plates. (SH +4) [potion of mutation]
 88645 | Slime:5  | Gained mutation: You have hidden genetic potential. [potion
                  | of mutation]
 88994 | Slime:5  | Killed the Royal Jelly
 88995 | Slime:5  | Reached skill level 23 in Polearms
 89171 | Slime:5  | Got a slimy rune of Zot
 89182 | Slime:5  | Identified the +8 dagger "Guomic" {freeze, Drain +Blink
                  | rCorr Dex+3}
 89204 | Slime:5  | Identified the ring of Rimaidi {rF+ rC- Str+4 Slay+3
                  | Stlth+}
 89273 | Slime:5  | Identified the amulet "Jaiwnoep" {RegenMP Dex+3}
 90473 | Zot:2    | You are sucked into a shaft and drop 2 floors!
 90554 | Zot:3    | Found a transporter.
 90556 | Zot:3    | Found a transporter.
 90560 | Zot:3    | Found a transporter.
 90562 | Zot:3    | Found a transporter.
 90975 | Zot:3    | Received a gift from Okawaru
 90975 | Zot:3    | Found the +8 lance "Wyrmbane" {slay drac, rPois rF+ rC+
                  | AC+3}
 91267 | Zot:3    | Reached skill level 24 in Polearms
 91305 | Zot:3    | Noticed a Killer Klown
 91314 | Zot:3    | Killed a Killer Klown
 91928 | Zot:3    | Noticed a Killer Klown
 91973 | Zot:3    | Killed a Killer Klown
 92345 | Zot:4    | Noticed a Killer Klown
 92366 | Zot:4    | Killed a Killer Klown
 92434 | Zot:4    | Identified the +5 ring mail "Cimmir" {Str+3}
 92644 | Zot:4    | Found a shimmering altar of Xom.
 92644 | Zot:4    | Noticed a Killer Klown
 92644 | Zot:4    | Found a glowing silver altar of Zin.
 92644 | Zot:4    | Found a shimmering altar of Xom.
 92644 | Zot:4    | Noticed a Killer Klown
 92645 | Zot:4    | Found a shimmering altar of Xom.
 92645 | Zot:4    | Found a shimmering altar of Xom.
 92669 | Zot:4    | Killed a Killer Klown
 92695 | Zot:4    | Killed a Killer Klown
 92696 | Zot:4    | Reached skill level 25 in Polearms
 92963 | Zot:4    | Received a gift from Okawaru
 93102 | Zot:4    | Found a shimmering altar of Xom.
 93103 | Zot:4    | Found a shimmering altar of Xom.
 93158 | Zot:5    | Entered Level 5 of the Realm of Zot
 93179 | Zot:5    | Found a runed translucent gate.
 93308 | Zot:5    | Found a runed translucent gate.
 93308 | Zot:5    | Found a runed translucent gate.
 93315 | Zot:5    | Noticed Radamante's ghost (master MiFi)
 93411 | Zot:5    | Identified the +0 pair of gloves of the Sparrow {rElec}
                  | (Okawaru gifted it to you on level 5 of the Realm of Zot)
 93411 | Zot:5    | Received a gift from Okawaru
 93766 | Zot:5    | Identified the scarf of Light {rC+ rF+, SInv}
 93828 | Zot:5    | Noticed an orb of fire
 93829 | Zot:5    | Noticed an ancient lich
 93829 | Zot:5    | Noticed an ancient lich
 93832 | Zot:5    | Noticed a dread lich
 93839 | Zot:5    | Noticed an ancient lich
 93843 | Zot:5    | Lost mutation: You are agile. (Dex +4, Str/Int -1) [an orb
                  | of fire]
 93845 | Zot:5    | Noticed an ancient lich
 93850 | Zot:5    | Noticed an orb of fire
 93852 | Zot:5    | Noticed an orb of fire
 93853 | Zot:5    | Noticed a Killer Klown
 93862 | Zot:5    | Killed an ancient lich
 93867 | Zot:5    | Lost mutation: You have hidden genetic potential. [an orb
                  | of fire]
 93874 | Zot:5    | Gained mutation: Your spells are a little easier to cast,
                  | but a little less powerful. [an orb of fire]
 94061 | Zot:5    | Killed an ancient lich
 94071 | Zot:5    | Gained mutation: You are clumsy. (Dex -2) [an orb of fire]
 94076 | Zot:5    | Gained mutation: You are very dopey. (Int -4) [an orb of
                  | fire]
 94079 | Zot:5    | Gained mutation: You do not regenerate when monsters are
                  | visible. [an orb of fire]
 94080 | Zot:5    | Killed an orb of fire
 94081 | Zot:5    | Reached skill level 26 in Polearms
 94089 | Zot:5    | Killed a Killer Klown
 94095 | Zot:5    | Lost mutation: You are partially covered in large bone
                  | plates. (SH +4) [potion of mutation]
 94095 | Zot:5    | Lost mutation: You do not regenerate when monsters are
                  | visible. [potion of mutation]
 94095 | Zot:5    | Lost mutation: Your spells are a little easier to cast, but
                  | a little less powerful. [potion of mutation]
 94095 | Zot:5    | Lost mutation: You are very dopey. (Int -4) [potion of
                  | mutation]
 94095 | Zot:5    | Gained mutation: You have a pair of small horns on your
                  | head. [potion of mutation]
 94095 | Zot:5    | Gained mutation: Your muscles are strong. (Str +4, Int/Dex
                  | -1) [potion of mutation]
 94735 | Zot:5    | Killed a dread lich
 94806 | Arena    | Entered the Arena
 94840 | Zot:5    | Killed an ancient lich
 94889 | Zot:5    | Killed an orb of fire
 94946 | Zot:5    | Noticed an orb of fire
 94959 | Zot:5    | Gained mutation: You have hidden genetic defects. [an orb
                  | of fire]
 94962 | Zot:5    | Killed an orb of fire
 95194 | Zot:5    | Noticed an orb of fire
 95211 | Zot:5    | Noticed a dread lich
 95217 | Zot:5    | Noticed an ancient lich
 95218 | Zot:5    | Noticed a dread lich
 95218 | Zot:5    | Noticed a Killer Klown
 95219 | Zot:5    | Noticed a dread lich
 95356 | Zot:5    | Killed an ancient lich
 95368 | Zot:5    | Killed an orb of fire
 95421 | Zot:5    | Gained mutation: You occasionally shout uncontrollably at
                  | your foes. [hidden defects]
 95463 | Zot:5    | Killed an ancient lich
 95492 | Zot:5    | Killed a dread lich
 95493 | Zot:5    | Reached skill level 27 in Polearms
 95538 | Zot:5    | Killed a Killer Klown
 95538 | Zot:5    | Received a gift from Okawaru
 95597 | Zot:5    | Killed a dread lich
 95761 | Zot:5    | Killed a dread lich
 95766 | Zot:5    | Gained mutation: Your body sometimes deteriorates upon
                  | taking damage. [hidden defects]
 95766 | Zot:5    | Lost mutation: You have hidden genetic defects. [hidden
                  | defects expressed]
 95775 | Zot:5    | Gained mutation: Your body often deteriorates upon taking
                  | damage. [an orb of fire]
 95781 | Zot:5    | Killed an orb of fire
 95934 | Zot:5    | Got the Orb of Zot
 96352 | D:6      | Noticed Dimaqy the pandemonium lord
 96364 | D:6      | Noticed Tuim the pandemonium lord
 96511 | D:$      | Escaped with the Orb!

Illustrated notes

Levels and vault maps discovered:
D:1:      minmay_arrival_five_plusses, layout_loops_ring, serial_forest,
          infiniplex_forest_lined_3, infiniplex_forest_straight_2,
          infiniplex_forest_clump_C, infiniplex_forest_lined_1,
          infiniplex_forest_3_way, infiniplex_forest_clump_small,
          skrybe_limestone_x
D:2:      layout_basic, serial_shops, shop, minmay_between
D:3:      layout_loops_ring, ebering_ghost_reflecting_pool
D:4:      layout_gridville, portal_sewer_entry_a, uniq_eustachio
D:5:      layout_basic, kennysheep_mini_moat, mainiacjoe_overflow_catwalk,
          chequers_serial_rivers_large_a
D:6:      layout_rooms, okawaru_gym_becter, lemuel_round_altar,
          lemuel_coloured_pillars_altar, mainiacjoe_overflow_brackets,
          serial_undead, serial_undead_f, serial_undead_c, serial_undead_b,
          serial_undead_d, serial_bayou_pond_e, kennysheep_minor_cross,
          nrook_campfire, dk_rats_in_the_wall
D:7:      hangedman_cross_stitches, layout_layer_cave, kennysheep_ying_yang,
          minmay_temple_entry_tees, grunt_ministairs_3
D:8:      layout_loops_ring, ebering_ghost_reflecting_pool, uniq_prince_ribbit1
D:9:      layout_roguey, mainiacjoe_overflow_boulevard, serial_shops, shop,
          gammafunk_ghost_ooze, minivault_25, uniq_amaemon, uniq_gastronok
D:10:     layout_cave_pools, nicolae_dithmenos_through_a_glass_darkly,
          david_orc_2, minmay_shop_damaged, nicolae_shop_unique_rings
D:11:     minmay_tile_spiral, layout_cross, dpeg_lair_monsters,
          minmay_misc_feat_iff
D:12:     layout_small_grid, uniq_azrael
D:13:     layout_irregular_city, david_vaults_3, serial_shops, shop
D:14:     layout_roguey, nicolae_trove_entry_path_of_doom, guppyfry_shop_venom
D:15:     grunt_enter_depths_snipers, layout_irregular_city, serial_shops, shop,
          slow_altar_2
Temple:   minmay_temple_forest_path
Lair:1:   layout_roguey, uniq_nergalle
Lair:2:   layout_cave_pods, minmay_swamp_entry_worms, nzn_sisyphean_effort,
          lemuel_fruit_fields
Lair:3:   layout_big_grid, spider_nest_entry_a, serial_bayou_shore_b,
          serial_bayou_shore_b
Lair:4:   layout_concentric_octagons, gammafunk_ghost_grave,
          nicolae_quartered_pool_medium, uniq_snorg
Lair:5:   minmay_lair_end_frog_pond, layout_gridlike,
          nicolae_slime_entry_slimehenge, gauntlet_entry_generic,
          cheibrodos_lair_lostbears
Swamp:1:  layout_basic_swamp, nicolae_swamp_fairy_circle, uniq_aizul, uniq_kirke
Swamp:2:  layout_basic_swamp, evilmike_swamp_ruin_house_2,
          cheibrodos_swamp_minitomb
Swamp:3:  gammafunk_sealed_arena, layout_falls_marsh, nicolae_swamp_bean_lake,
          swamp_pool1, nicolae_swamp_oklob_treasure_island
Swamp:4:  swamp_basic_johnstein, layout_basic_swamp, swamp_pool1,
          infiniplex_staircase_pool_2, uniq_mara
Spider:1: layout_spider_delve
Spider:2: layout_spider_delve, hangedman_spider_tarantella_strand,
          uniq_mlioglotl
Spider:3: layout_chambers
Spider:4: grunt_spider_rune_circles, amcnicky_altar_lugonu_corruption
Slime:1:  layout_caves, cheibrodos_slime_lost_civilization_7
Slime:2:  layout_caves, nicolae_slime_phagocytosis
Slime:3:  layout_caves
Slime:4:  nicolae_slime_jelly_donut, layout_caves
Slime:5
Orc:1:    layout_caves
Orc:2:    kennysheep_orc_mage_school, layout_caves, basic_altar
Elf:1:    eino_elf_arrival_customs, layout_loops_ring,
          ebering_ghost_reflecting_pool, kennysheep_underground_church
Elf:2:    nicolae_elf_blades_crystal_corner, layout_loops_corners, uniq_louise
Elf:3:    minmay_elf_hall, layout_geoelf_diagonals, serial_shops, shop,
          dk_noncrumbling_4
Vaults:1: vaults_standard_mumra_x, vaults_room_door_ring,
          nicolae_vaults_closet_pinwheel_5, nicolae_vaults_ninety_degrees,
          ontoclasm_vaults_loading_screen, nicolae_vaults_network_quinsquares
          [nicolae_vaults_network_quincunx_subvault,
          nicolae_vaults_network_quincunx_subvault,
          nicolae_vaults_network_quincunx_subvault,
          nicolae_vaults_network_quincunx_subvault],
          nicolae_vaults_double_plus_2, v_misc_27, vaults_room_hallway,
          vaults_room_grunt_arrival_ludios, layout_vaults_omnicross
Vaults:2: nicolae_vaults_three_branches, minmay_crypt_entry_necro_gods,
          nicolae_vaults_back_hallway, vaults_room_door_ring,
          nicolae_vaults_security_offices_1, nicolae_vaults_network_barrier,
          vaults_room_pool, nicolae_vaults_tetromino_Z_2, v_misc_33,
          ontoclasm_vaults_ring_small, nicolae_vaults_little_ls,
          nicolae_vaults_more_shelving_2, ontoclasm_vaults_eye,
          layout_vaults_ring, uniq_zenata
Vaults:3: vaults_room_grid, nicolae_vaults_closet_pinwheel_1,
          vaults_dpeg_diagonal, v_misc_11, nicolae_vaults_little_squares_5,
          ontoclasm_vaults_chip, nicolae_vaults_diamond_2,
          nicolae_vaults_trapezoid_lopsided_1, nicolae_vaults_surprise_closet,
          layout_vaults_quadrants, uniq_nikola, uniq_margery
Vaults:4: nicolae_vaults_tetromino_T_1, nicolae_vaults_trapezoid_4,
          nicolae_vaults_network_periphery, nicolae_vaults_weapon_check,
          v_alt_pattern_3, nicolae_vaults_triangles, ontoclasm_vaults_chip,
          vaults_room_door_hall, nicolae_vaults_network_star,
          nicolae_vaults_layer_cake_slice, nicolae_vaults_theta,
          nicolae_vaults_diamond_2, layout_vaults_big_room
Vaults:5
Crypt:1:  layout_gridlike, basic_altar, ebering_ghost_gozag,
          grunt_crypt_arrival_guarded_gate
Crypt:2:  gammafunk_its_a_trap, layout_catacombs
Crypt:3:  grunt_crypt_end_deaths_head, uniq_vv
Depths:1: layout_basic, enter_ziggurat_a, hangedman_geh_valley,
          grunt_gozag_breadcrumbs, kennysheep_inner_square, minmay_shop_star
Depths:2: kb_forest_paths, layout_basic, serial_sigils_hangedman_quiver,
          rand_demon_pan_entry_9, grunt_hell_horde
Depths:3: evilmike_halls_of_destruction, layout_gridville,
          hangedman_tar_grid_catacomb, serial_sigils_hangedman_quiver,
          abyss_entry, grunt_pan_entry_spiral, serial_shops, freezing_bzr,
          minmay_three_doors, infiniplex_staircase_diamond
Depths:4: grunt_crosshair, layout_gridlike, hell_entry, serial_shops,
          nicolae_shop_waterfront, ebering_ghost_inner_flame,
          abyss_entry_crystal, minmay_shop_grove, uniq_saint_roka
Zot:1:    layout_gridlike, nicolae_lava_and_water, st_stairs_8
Zot:2:    layout_basic
Zot:3:    kennysheep_room_grid, layout_gridlike, nicolae_transporter_circle,
          grunt_megastairs_2
Zot:4:    dreamdust_zin_vs_xom, layout_misc_corridors,
          hangedman_zot_decor_tridents
Zot:5:    layout_onion, gammafunk_ghost_necromancy, hangedman_zot_decor_slant,
          lemuel_baited_zot_trap

Skill      XL: |  1  2  3  4  5  6  7  8  9 10 11 12 13 14 15 16 17 18 19 20 21 22 23 24 25 26 27 |
---------------+----------------------------------------------------------------------------------+-----
Polearms       | 2 3 4 5 6 8 9 11 14 15 16 18 19 21 27 | 27.0
Fighting       | 4 5 6 7 8 9 11 12 15 16 17 18 19 20 23 24 | 24.9
Armour         | 4 5 6 7 8 10 14 15 16 17 18 19 20 | 20.0
Shields        | 4 5 6 7 8 9 10 16 17 18 19 20 | 20.0
Invocations    | 2 5 9 10 12 14 15 | 15.0
Evocations     | 4 5 8 |  8.0
Throwing       | 5 |  5.0

Action                     |  1- 3 |  4- 6 |  7- 9 | 10-12 | 13-15 | 16-18 | 19-21 | 22-24 | 25-27 || total
---------------------------+-------+-------+-------+-------+-------+-------+-------+-------+-------++-------
  Melee: Trident           |   120 |   220 |   618 |   258 |       |       |       |       |       ||  1216
         Spear             |       |       |       |   867 |   609 |       |       |       |       ||  1476
         Demon trident     |       |       |       |       |  1736 |  2459 |  2842 |  2891 |  3817 || 13745
         Lance             |       |       |       |       |       |       |       |       |  1248 ||  1248
         Headbutt          |       |       |       |       |       |       |       |       |   126 ||   126
  Throw: Dart              |       |     2 |     1 |     3 |     4 |     6 |     3 |       |       ||    19
         Throwing net      |       |       |     1 |       |       |       |       |       |       ||     1
         Javelin           |       |       |       |       |       |       |       |     7 |       ||     7
 Invoke: Heroism           |       |       |     1 |    17 |    17 |    13 |    22 |    12 |    26 ||   108
         Finesse           |       |       |       |     1 |    14 |    18 |     8 |     5 |    19 ||    65
         Duel              |       |       |       |       |       |       |       |       |     2 ||     2
  Evoke: Wand              |       |       |       |     2 |    13 |    13 |    10 |       |     4 ||    42
         Lightning rod     |       |       |       |       |       |    10 |     7 |     3 |       ||    20
         Condenser vane    |       |       |       |       |       |       |     1 |     2 |     1 ||     4
    Use: Potion            |       |     1 |       |     2 |     4 |     5 |     5 |     1 |    30 ||    48
         Scroll            |       |       |    10 |     9 |    15 |    21 |    12 |     6 |    28 ||   101
   Stab: Paralysed         |       |       |       |       |    13 |    20 |    14 |       |       ||    47
         Distracted        |       |       |       |       |       |     2 |       |     2 |       ||     4
         Held in net/web   |       |       |       |       |       |     2 |       |       |       ||     2
         Invisible         |       |       |       |       |       |       |     1 |       |       ||     1
         Confused          |       |       |       |       |       |       |       |       |     3 ||     3
 Armour: Scale mail        |    46 |   132 |    83 |       |   494 |       |       |       |       ||   755
         Plate armour      |       |       |   191 |   334 |   103 |       |       |       |       ||   628
         Gold dragon scale |       |       |       |       |    10 |  1279 |  1106 |   761 |  1754 ||  4910
         Skin              |       |       |       |       |       |       |       |       |     9 ||     9
  Dodge: Dodged            |    39 |    82 |   104 |   142 |   356 |   232 |   205 |   251 |   563 ||  1974
  Block: Buckler           |    15 |    40 |   296 |   417 |   738 |       |       |       |       ||  1506
         Reflection        |       |       |     4 |    33 |     3 |    59 |    99 |    37 |       ||   235
         Kite shield       |       |       |       |       |    28 |  1535 |   205 |       |       ||  1768
         Tower shield      |       |       |       |       |       |       |  2377 |  1795 |  3666 ||  7838

Table legend: (Time is in decaauts)
 A = Elapsed time spent in this place.
 B = Non-inter-level travel time spent in this place.
 C = Inter-level travel time spent in this place.
 D = Time resting spent in this place.
 E = Time spent auto-exploring this place.
 F = Levels seen in this place.
 G = Mean time per level.
                   A        B        C        D        E       F      G
               +--------+--------+--------+--------+--------+-----+--------+
         Total |  90665 |  81938 |   8727 |  23984 |  33660 |  59 | 1536.7 |
       Dungeon |  25111 |  21882 |   3229 |   6646 |   9335 |  15 | 1674.1 |
        Temple |      1 |      1 |      0 |      0 |      0 |   1 |    1.0 |
          Lair |   8561 |   7493 |   1068 |   2435 |   3286 |   5 | 1712.2 |
         Swamp |   9050 |   8759 |    291 |   4737 |   2381 |   4 | 2262.5 |
   Spider Nest |   8184 |   7847 |    337 |   3337 |   2687 |   4 | 2046.0 |
    Slime Pits |   1913 |   1782 |    131 |    303 |    314 |   5 |  382.6 |
  Orcish Mines |   2447 |   1782 |    665 |    500 |    809 |   2 | 1223.5 |
   Elven Halls |   4083 |   3878 |    205 |    570 |   2010 |   3 | 1361.0 |
        Vaults |  13898 |  12888 |   1010 |   3789 |   4846 |   5 | 2779.6 |
         Crypt |   3722 |   3614 |    108 |     78 |   2089 |   3 | 1240.7 |
        Depths |   6811 |   5661 |   1150 |    578 |   3205 |   4 | 1702.8 |
           Zot |   6486 |   5959 |    527 |    988 |   2542 |   5 | 1297.2 |
         Sewer |    338 |    338 |      0 |      0 |    156 |   1 |  338.0 |
         Arena |     55 |     55 |      0 |     20 |      0 |   2 |   27.5 |
               +--------+--------+--------+--------+--------+-----+--------+

Top non-repeatable levels by time:
Vaults:1: 4324 daAuts
Vaults:2: 3851 daAuts
Spider:3: 3721 daAuts
    D:10: 3022 daAuts
  Lair:4: 2776 daAuts
    D:13: 2740 daAuts
 Swamp:2: 2644 daAuts
    D:11: 2476 daAuts
 Swamp:4: 2347 daAuts
 Swamp:3: 2329 daAuts
    D:15: 2263 daAuts
    D:12: 2214 daAuts
Vaults:5: 2075 daAuts
     D:7: 2071 daAuts
Spider:4: 1977 daAuts
